Workbook
Name Frais_indirects: 'AIDE CALCUL FRAIS PERSONNEL'!#REF!
Name P_Z_F_B_TYPE_4_ACTIVE: #REF!
Name P_Z_G_R_G_BOOLEEN_OUI: #REF!
Name Tab_part_2017: 'Synthèse des dépenses'!#REF!
Name Tab_partenaires: Présentation!$B$24:$B$38
Name Tab_postes_depenses: Présentation!#REF!

Sheet Présentation
A9: SOUTIEN A L'EMERGENCE ET AU FONCTIONNEMENT DES GROUPES OPERATIONNELS DU PARTENARIAT EUROPEEN POUR L'INNOVATION (PEI) Appel à pré-projets Bourgogne Franche-Comté 2027
A10: Intervention n°77.01 du Plan stratégique national de la Politique agricole commune
A11: VOLET EMERGENCE
A13: Annexe des dépenses - pré-dépôt
A14: Les feuillets de l'annexe sont à compléter par le chef de file avec les dépenses de tous les partenaires. Ce document est facultatif. Cependant, plus le pré-dépôt est complet et précis, plus les recommandations des évaluateurs et évaluatrices seront complettes et précises.
A15: Seul les cases blanches sont à remplir.
A17: Nom du groupe opérationnel
A19: Renseigner ici le nom du groupe opérationnel
A21: Identification du partenariat | D21: Liste synthétique des actions du projet
B23: Nom de l'organisme | D23: Numéro d'action | E23: Libellé de l'action
A24: Chef de file | D24: action 1
A25: Partenaire 1 | D25: action 2
A26: Partenaire 2 | D26: action 3
A27: Partenaire 3 | D27: action 4
A28: Partenaire 4 | D28: action 5
A29: Partenaire 5 | D29: action 6
A30: Partenaire 6 | D30: action 7
A31: Partenaire 7
A32: Partenaire 8
A33: Partenaire 9
A34: Partenaire 10
A35: Partenaire 11
A36: Partenaire 12
A37: Partenaire 13
A38: Partenaire 14
A39: Partenaire 15
A40: Partenaire 16
A41: Partenaire 17
A42: Partenaire 18
... A44: Partenaire 20

Sheet Postes de dépenses
A1: Indications sur les postes de dépenses - FONCTIONNEMENT des groupes opérationnels
A4: Poste | B4: Description
A5: Frais de personnel | B5: Rémunération des personnes travaillant sur le projet calculée sur la base d'un taux horaire unique. Ce taux était de 31,86€/h pour l'AAP 2026 (1).
A6: Autres coûts éligibles | B6: Les autres frais du projet (coûts directs ou indirects).
A8: (1) Le taux horraire sera mis à jour avec l'inflation à l'ouverture de l'appel à projet autour d'avril 2027 selon la formule suivante : Taux horraire 2027 = (27,2/103,3)*SMBf (=dernière valeur disponible de l'indice Salaire Mensuel de Base à l’ouverture de l’AAP). L'augmentation du taux horraire pourrait être de l'ordre de + 0,7€/h pour l'AAP 2027. L'indice SMB est à trouver ici : https://dares.travail-emploi.gouv.fr/donnees/les-indices-de-salaire-de-base. Lors de cette phase de pré-dépôt, nous vous demandons de conserver la valeur de 31,86€/h pour vos estimations.

Sheet AIDE CALCUL FRAIS PERSONNEL
A1: Feuillet A : Frais de personnel prévisionnels
A3: Pour les heures présentées à titre informatifs pour le suivi technique = mettre 0€ dans la colonne "Montant des dépenses de personnel"
A4: N° | B4: Action | D4: Partenaire (Sous-opération) | F4: Nom de l'intervenant·e | G4: Description des missions | H4: Estimation du temps qui sera consacré à l'opération (en heures) | I4: Montant des dépenses de personnel présentées à la demande d'aide | J4: Commentaires
B5: colonne facultative | D5: numéro | E5: nom | F5: (nom de la personne si connue et fonction) | G5: (nature du travail à réaliser sur l'opération : animation, gestion, études…) | I5: [Temps prévisonnel consacré l'opération] x 31,86 €
A6: 1 | C6: =IF(B6="","",VLOOKUP(B6,Présentation!D$22:E$28,2,0)) | E6: =IF(D6="","",VLOOKUP(D6,Présentation!A$22:B$42,2,0)) | I6: =H6*31.86 -> 0
A7: =A6+1 -> 2 | C7: =IF(B7="","",VLOOKUP(B7,Présentation!D$22:E$28,2,0)) | E7: =IF(D7="","",VLOOKUP(D7,Présentation!A$22:B$42,2,0)) | I7: =H7*31.86 -> 0
A8: =A7+1 -> 3 | C8: =IF(B8="","",VLOOKUP(B8,Présentation!D$22:E$28,2,0)) | E8: =IF(D8="","",VLOOKUP(D8,Présentation!A$22:B$42,2,0)) | I8: =H8*31.86 -> 0
A9: =A8+1 -> 4 | C9: =IF(B9="","",VLOOKUP(B9,Présentation!D$22:E$28,2,0)) | E9: =IF(D9="","",VLOOKUP(D9,Présentation!A$22:B$42,2,0)) | I9: =H9*31.86 -> 0
A10: =A9+1 -> 5 | C10: =IF(B10="","",VLOOKUP(B10,Présentation!D$22:E$28,2,0)) | E10: =IF(D10="","",VLOOKUP(D10,Présentation!A$22:B$42,2,0)) | I10: =H10*31.86 -> 0
A11: =A10+1 -> 6 | C11: =IF(B11="","",VLOOKUP(B11,Présentation!D$22:E$28,2,0)) | E11: =IF(D11="","",VLOOKUP(D11,Présentation!A$22:B$42,2,0)) | I11: =H11*31.86 -> 0
A12: =A11+1 -> 7 | C12: =IF(B12="","",VLOOKUP(B12,Présentation!D$22:E$28,2,0)) | E12: =IF(D12="","",VLOOKUP(D12,Présentation!A$22:B$42,2,0)) | I12: =H12*31.86 -> 0
A13: =A12+1 -> 8 | C13: =IF(B13="","",VLOOKUP(B13,Présentation!D$22:E$28,2,0)) | E13: =IF(D13="","",VLOOKUP(D13,Présentation!A$22:B$42,2,0)) | I13: =H13*31.86 -> 0
A14: =A13+1 -> 9 | C14: =IF(B14="","",VLOOKUP(B14,Présentation!D$22:E$28,2,0)) | E14: =IF(D14="","",VLOOKUP(D14,Présentation!A$22:B$42,2,0)) | I14: =H14*31.86 -> 0
A15: =A14+1 -> 10 | C15: =IF(B15="","",VLOOKUP(B15,Présentation!D$22:E$28,2,0)) | E15: =IF(D15="","",VLOOKUP(D15,Présentation!A$22:B$42,2,0)) | I15: =H15*31.86 -> 0
A16: =A15+1 -> 11 | C16: =IF(B16="","",VLOOKUP(B16,Présentation!D$22:E$28,2,0)) | E16: =IF(D16="","",VLOOKUP(D16,Présentation!A$22:B$42,2,0)) | I16: =H16*31.86 -> 0
A17: =A16+1 -> 12 | C17: =IF(B17="","",VLOOKUP(B17,Présentation!D$22:E$28,2,0)) | E17: =IF(D17="","",VLOOKUP(D17,Présentation!A$22:B$42,2,0)) | I17: =H17*31.86 -> 0
A18: =A17+1 -> 13 | C18: =IF(B18="","",VLOOKUP(B18,Présentation!D$22:E$28,2,0)) | E18: =IF(D18="","",VLOOKUP(D18,Présentation!A$22:B$42,2,0)) | I18: =H18*31.86 -> 0
... A65: =A64+1 -> 60 | C65: =IF(B65="","",VLOOKUP(B65,Présentation!D$22:E$28,2,0)) | E65: =IF(D65="","",VLOOKUP(D65,Présentation!A$22:B$42,2,0)) | I65: =H65*31.86 -> 0
A66: TOTAL | H66: =SUM(H6:H65) -> 0 | I66: =SUM(I6:I65) -> 0
A68: (1) Le taux horraire sera mis à jour avec l'inflation à l'ouverture de l'appel à projet autour d'avril 2027 selon la formule suivante : Taux horraire 2027 = (27,2/103,3)*SMBf (dernière valeur disponible de l'indice Salaire Mensuel de Base à l’ouverture de l’AAP). L'augmentation du taux horraire pourrait être de l'ordre de + 0,7€/h. L'indice SMB est à trouver ici : https://dares.travail-emploi.gouv.fr/donnees/les-indices-de-salaire-de-base. Lors de cette phase de pré-dépôt, nous vous demandons de conserver la valeur de 31,86€/h pour vos estimations.

Sheet Frais personnel et autres coûts
A1: Feuillet A bis : Frais de personnels prévisionnels
A4: N° | B4: Partenaire (Sous-opération) | D4: Estimation du temps qui sera consacré à l'opération (en heures) | E4: Montant des dépenses de personnel prévisionnel | F4: Autres coûts du projet
B5: numéro (à choisir dans le menu déroulant) | C5: Nom du partenaire | D5: Temps consacré à l'opération (en heures) | E5: [Temps prévisionnel consacré à l'opération] x 31,86 € (1) | F5: OCS de 35% des dépenses de personnel
A6: 1 | C6: =IF(B6="","",VLOOKUP(B6,Présentation!A$22:B$42,2,0)) | D6: =SUMIFS('AIDE CALCUL FRAIS PERSONNEL'!H$6:H$65,'AIDE CALCUL FRAIS PERSONNEL'!D$6:D$65,B6) -> 0 | E6: =SUMIFS('AIDE CALCUL FRAIS PERSONNEL'!I$6:I$65,'AIDE CALCUL FRAIS PERSONNEL'!D$6:D$65,B6) -> 0 | F6: =E6*0.35 -> 0
A7: =A6+1 -> 2 | C7: =IF(B7="","",VLOOKUP(B7,Présentation!A$22:B$42,2,0)) | D7: =SUMIFS('AIDE CALCUL FRAIS PERSONNEL'!H$6:H$65,'AIDE CALCUL FRAIS PERSONNEL'!D$6:D$65,B7) -> 0 | E7: =SUMIFS('AIDE CALCUL FRAIS PERSONNEL'!I$6:I$65,'AIDE CALCUL FRAIS PERSONNEL'!D$6:D$65,B7) -> 0 | F7: =E7*0.35 -> 0
A8: =A7+1 -> 3 | C8: =IF(B8="","",VLOOKUP(B8,Présentation!A$22:B$42,2,0)) | D8: =SUMIFS('AIDE CALCUL FRAIS PERSONNEL'!H$6:H$65,'AIDE CALCUL FRAIS PERSONNEL'!D$6:D$65,B8) -> 0 | E8: =SUMIFS('AIDE CALCUL FRAIS PERSONNEL'!I$6:I$65,'AIDE CALCUL FRAIS PERSONNEL'!D$6:D$65,B8) -> 0 | F8: =E8*0.35 -> 0
A9: =A8+1 -> 4 | C9: =IF(B9="","",VLOOKUP(B9,Présentation!A$22:B$42,2,0)) | D9: =SUMIFS('AIDE CALCUL FRAIS PERSONNEL'!H$6:H$65,'AIDE CALCUL FRAIS PERSONNEL'!D$6:D$65,B9) -> 0 | E9: =SUMIFS('AIDE CALCUL FRAIS PERSONNEL'!I$6:I$65,'AIDE CALCUL FRAIS PERSONNEL'!D$6:D$65,B9) -> 0 | F9: =E9*0.35 -> 0
A10: =A9+1 -> 5 | C10: =IF(B10="","",VLOOKUP(B10,Présentation!A$22:B$42,2,0)) | D10: =SUMIFS('AIDE CALCUL FRAIS PERSONNEL'!H$6:H$65,'AIDE CALCUL FRAIS PERSONNEL'!D$6:D$65,B10) -> 0 | E10: =SUMIFS('AIDE CALCUL FRAIS PERSONNEL'!I$6:I$65,'AIDE CALCUL FRAIS PERSONNEL'!D$6:D$65,B10) -> 0 | F10: =E10*0.35 -> 0
A11: =A10+1 -> 6 | C11: =IF(B11="","",VLOOKUP(B11,Présentation!A$22:B$42,2,0)) | D11: =SUMIFS('AIDE CALCUL FRAIS PERSONNEL'!H$6:H$65,'AIDE CALCUL FRAIS PERSONNEL'!D$6:D$65,B11) -> 0 | E11: =SUMIFS('AIDE CALCUL FRAIS PERSONNEL'!I$6:I$65,'AIDE CALCUL FRAIS PERSONNEL'!D$6:D$65,B11) -> 0 | F11: =E11*0.35 -> 0
A12: =A11+1 -> 7 | C12: =IF(B12="","",VLOOKUP(B12,Présentation!A$22:B$42,2,0)) | D12: =SUMIFS('AIDE CALCUL FRAIS PERSONNEL'!H$6:H$65,'AIDE CALCUL FRAIS PERSONNEL'!D$6:D$65,B12) -> 0 | E12: =SUMIFS('AIDE CALCUL FRAIS PERSONNEL'!I$6:I$65,'AIDE CALCUL FRAIS PERSONNEL'!D$6:D$65,B12) -> 0 | F12: =E12*0.35 -> 0
A13: =A12+1 -> 8 | C13: =IF(B13="","",VLOOKUP(B13,Présentation!A$22:B$42,2,0)) | D13: =SUMIFS('AIDE CALCUL FRAIS PERSONNEL'!H$6:H$65,'AIDE CALCUL FRAIS PERSONNEL'!D$6:D$65,B13) -> 0 | E13: =SUMIFS('AIDE CALCUL FRAIS PERSONNEL'!I$6:I$65,'AIDE CALCUL FRAIS PERSONNEL'!D$6:D$65,B13) -> 0 | F13: =E13*0.35 -> 0
A14: =A13+1 -> 9 | C14: =IF(B14="","",VLOOKUP(B14,Présentation!A$22:B$42,2,0)) | D14: =SUMIFS('AIDE CALCUL FRAIS PERSONNEL'!H$6:H$65,'AIDE CALCUL FRAIS PERSONNEL'!D$6:D$65,B14) -> 0 | E14: =SUMIFS('AIDE CALCUL FRAIS PERSONNEL'!I$6:I$65,'AIDE CALCUL FRAIS PERSONNEL'!D$6:D$65,B14) -> 0 | F14: =E14*0.35 -> 0
A15: =A14+1 -> 10 | C15: =IF(B15="","",VLOOKUP(B15,Présentation!A$22:B$42,2,0)) | D15: =SUMIFS('AIDE CALCUL FRAIS PERSONNEL'!H$6:H$65,'AIDE CALCUL FRAIS PERSONNEL'!D$6:D$65,B15) -> 0 | E15: =SUMIFS('AIDE CALCUL FRAIS PERSONNEL'!I$6:I$65,'AIDE CALCUL FRAIS PERSONNEL'!D$6:D$65,B15) -> 0 | F15: =E15*0.35 -> 0
A16: =A15+1 -> 11 | C16: =IF(B16="","",VLOOKUP(B16,Présentation!A$22:B$42,2,0)) | D16: =SUMIFS('AIDE CALCUL FRAIS PERSONNEL'!H$6:H$65,'AIDE CALCUL FRAIS PERSONNEL'!D$6:D$65,B16) -> 0 | E16: =SUMIFS('AIDE CALCUL FRAIS PERSONNEL'!I$6:I$65,'AIDE CALCUL FRAIS PERSONNEL'!D$6:D$65,B16) -> 0 | F16: =E16*0.35 -> 0
A17: =A16+1 -> 12 | C17: =IF(B17="","",VLOOKUP(B17,Présentation!A$22:B$42,2,0)) | D17: =SUMIFS('AIDE CALCUL FRAIS PERSONNEL'!H$6:H$65,'AIDE CALCUL FRAIS PERSONNEL'!D$6:D$65,B17) -> 0 | E17: =SUMIFS('AIDE CALCUL FRAIS PERSONNEL'!I$6:I$65,'AIDE CALCUL FRAIS PERSONNEL'!D$6:D$65,B17) -> 0 | F17: =E17*0.35 -> 0
A18: =A17+1 -> 13 | C18: =IF(B18="","",VLOOKUP(B18,Présentation!A$22:B$42,2,0)) | D18: =SUMIFS('AIDE CALCUL FRAIS PERSONNEL'!H$6:H$65,'AIDE CALCUL FRAIS PERSONNEL'!D$6:D$65,B18) -> 0 | E18: =SUMIFS('AIDE CALCUL FRAIS PERSONNEL'!I$6:I$65,'AIDE CALCUL FRAIS PERSONNEL'!D$6:D$65,B18) -> 0 | F18: =E18*0.35 -> 0
... A25: =A24+1 -> 20 | C25: =IF(B25="","",VLOOKUP(B25,Présentation!A$22:B$42,2,0)) | D25: =SUMIFS('AIDE CALCUL FRAIS PERSONNEL'!H$6:H$65,'AIDE CALCUL FRAIS PERSONNEL'!D$6:D$65,B25) -> 0 | E25: =SUMIFS('AIDE CALCUL FRAIS PERSONNEL'!I$6:I$65,'AIDE CALCUL FRAIS PERSONNEL'!D$6:D$65,B25) -> 0 | F25: =E25*0.35 -> 0
A26: TOTAL | D26: =SUM(D6:D25) -> 0 | E26: =SUM(E6:E25) -> 0 | F26: =SUM(F6:F25) -> 0
A28: (1) Le taux horraire sera mis à jour avec l'inflation à l'ouverture de l'appel à projet autour d'avril 2027 selon la formule suivante : Taux horraire 2027 = (27,2/103,3)*SMBf (=dernière valeur disponible de l'indice Salaire Mensuel de Base à l’ouverture de l’AAP). L'augmentation du taux horraire pourrait être de l'ordre de + 0,7€/h. L'indice SMB est à trouver ici : https://dares.travail-emploi.gouv.fr/donnees/les-indices-de-salaire-de-base. Lors de cette phase de pré-dépôt, nous vous demandons de conserver la valeur de 31,86€/h pour vos estimations.

Sheet Synthèse des dépenses
A1: Feuillet B : synthèse des dépenses prévisonnelles présentées
A2: Les cellules en bleu sont remplies automatiquement
B4: Montant total prévisonnel présenté | C4: Taux d'aide applicable (%) | D4: Montant total prévisonnel présenté
A5: Frais salariaux directs | B5: ='Frais personnel et autres coûts'!E26 -> 0 | C5: 1 | D5: =B5*C5 -> 0
A6: Autres coûts éligibles | B6: =D34 -> 0 | C6: 1 | D6: =D34 -> 0
A7: Coût total du projet | B7: =SUM(B5:B6) -> 0 | C7: / | D7: =SUM(D5:D6) -> 0
C8: FEADER (80%) | D8: =D7*0.8 -> 0
C9: Région (20%) | D9: =D7*0.2 -> 0
A11: Tableau de syntèse des dépenses par type de coûts
A12: Chef de file / partenaires | B12: Temps de travail prévisionnel | C12: Frais de personnel | D12: Autres coûts éligibles | E12: Total des dépenses présentées
A13: =IF(ISBLANK(Présentation!A24),"",Présentation!A24) -> Chef de file | B13: =SUMIFS('Frais personnel et autres coûts'!$D$6:$D$25,'Frais personnel et autres coûts'!$B$6:$B$25,'Synthèse des dépenses'!$A13) -> 0 | C13: =SUMIFS('Frais personnel et autres coûts'!$E$6:$E$25,'Frais personnel et autres coûts'!$B$6:$B$25,'Synthèse des dépenses'!$A13) -> 0 | D13: =C13*0.35 -> 0 | E13: =SUM(C13:D13) -> 0
A14: =IF(ISBLANK(Présentation!A25),"",Présentation!A25) -> Partenaire 1 | B14: =SUMIFS('Frais personnel et autres coûts'!$D$6:$D$25,'Frais personnel et autres coûts'!$B$6:$B$25,'Synthèse des dépenses'!$A14) -> 0 | C14: =SUMIFS('Frais personnel et autres coûts'!$E$6:$E$25,'Frais personnel et autres coûts'!$B$6:$B$25,'Synthèse des dépenses'!$A14) -> 0 | D14: =C14*0.35 -> 0 | E14: =SUM(C14:D14) -> 0
A15: =IF(ISBLANK(Présentation!A26),"",Présentation!A26) -> Partenaire 2 | B15: =SUMIFS('Frais personnel et autres coûts'!$D$6:$D$25,'Frais personnel et autres coûts'!$B$6:$B$25,'Synthèse des dépenses'!$A15) -> 0 | C15: =SUMIFS('Frais personnel et autres coûts'!$E$6:$E$25,'Frais personnel et autres coûts'!$B$6:$B$25,'Synthèse des dépenses'!$A15) -> 0 | D15: =C15*0.35 -> 0 | E15: =SUM(C15:D15) -> 0
A16: =IF(ISBLANK(Présentation!A27),"",Présentation!A27) -> Partenaire 3 | B16: =SUMIFS('Frais personnel et autres coûts'!$D$6:$D$25,'Frais personnel et autres coûts'!$B$6:$B$25,'Synthèse des dépenses'!$A16) -> 0 | C16: =SUMIFS('Frais personnel et autres coûts'!$E$6:$E$25,'Frais personnel et autres coûts'!$B$6:$B$25,'Synthèse des dépenses'!$A16) -> 0 | D16: =C16*0.35 -> 0 | E16: =SUM(C16:D16) -> 0
A17: =IF(ISBLANK(Présentation!A28),"",Présentation!A28) -> Partenaire 4 | B17: =SUMIFS('Frais personnel et autres coûts'!$D$6:$D$25,'Frais personnel et autres coûts'!$B$6:$B$25,'Synthèse des dépenses'!$A17) -> 0 | C17: =SUMIFS('Frais personnel et autres coûts'!$E$6:$E$25,'Frais personnel et autres coûts'!$B$6:$B$25,'Synthèse des dépenses'!$A17) -> 0 | D17: =C17*0.35 -> 0 | E17: =SUM(C17:D17) -> 0
A18: =IF(ISBLANK(Présentation!A29),"",Présentation!A29) -> Partenaire 5 | B18: =SUMIFS('Frais personnel et autres coûts'!$D$6:$D$25,'Frais personnel et autres coûts'!$B$6:$B$25,'Synthèse des dépenses'!$A18) -> 0 | C18: =SUMIFS('Frais personnel et autres coûts'!$E$6:$E$25,'Frais personnel et autres coûts'!$B$6:$B$25,'Synthèse des dépenses'!$A18) -> 0 | D18: =C18*0.35 -> 0 | E18: =SUM(C18:D18) -> 0
A19: =IF(ISBLANK(Présentation!A30),"",Présentation!A30) -> Partenaire 6 | B19: =SUMIFS('Frais personnel et autres coûts'!$D$6:$D$25,'Frais personnel et autres coûts'!$B$6:$B$25,'Synthèse des dépenses'!$A19) -> 0 | C19: =SUMIFS('Frais personnel et autres coûts'!$E$6:$E$25,'Frais personnel et autres coûts'!$B$6:$B$25,'Synthèse des dépenses'!$A19) -> 0 | D19: =C19*0.35 -> 0 | E19: =SUM(C19:D19) -> 0
A20: =IF(ISBLANK(Présentation!A31),"",Présentation!A31) -> Partenaire 7 | B20: =SUMIFS('Frais personnel et autres coûts'!$D$6:$D$25,'Frais personnel et autres coûts'!$B$6:$B$25,'Synthèse des dépenses'!$A20) -> 0 | C20: =SUMIFS('Frais personnel et autres coûts'!$E$6:$E$25,'Frais personnel et autres coûts'!$B$6:$B$25,'Synthèse des dépenses'!$A20) -> 0 | D20: =C20*0.35 -> 0 | E20: =SUM(C20:D20) -> 0
A21: =IF(ISBLANK(Présentation!A32),"",Présentation!A32) -> Partenaire 8 | B21: =SUMIFS('Frais personnel et autres coûts'!$D$6:$D$25,'Frais personnel et autres coûts'!$B$6:$B$25,'Synthèse des dépenses'!$A21) -> 0 | C21: =SUMIFS('Frais personnel et autres coûts'!$E$6:$E$25,'Frais personnel et autres coûts'!$B$6:$B$25,'Synthèse des dépenses'!$A21) -> 0 | D21: =C21*0.35 -> 0 | E21: =SUM(C21:D21) -> 0
A22: =IF(ISBLANK(Présentation!A33),"",Présentation!A33) -> Partenaire 9 | B22: =SUMIFS('Frais personnel et autres coûts'!$D$6:$D$25,'Frais personnel et autres coûts'!$B$6:$B$25,'Synthèse des dépenses'!$A22) -> 0 | C22: =SUMIFS('Frais personnel et autres coûts'!$E$6:$E$25,'Frais personnel et autres coûts'!$B$6:$B$25,'Synthèse des dépenses'!$A22) -> 0 | D22: =C22*0.35 -> 0 | E22: =SUM(C22:D22) -> 0
A23: =IF(ISBLANK(Présentation!A34),"",Présentation!A34) -> Partenaire 10 | B23: =SUMIFS('Frais personnel et autres coûts'!$D$6:$D$25,'Frais personnel et autres coûts'!$B$6:$B$25,'Synthèse des dépenses'!$A23) -> 0 | C23: =SUMIFS('Frais personnel et autres coûts'!$E$6:$E$25,'Frais personnel et autres coûts'!$B$6:$B$25,'Synthèse des dépenses'!$A23) -> 0 | D23: =C23*0.35 -> 0 | E23: =SUM(C23:D23) -> 0
A24: =IF(ISBLANK(Présentation!A35),"",Présentation!A35) -> Partenaire 11 | B24: =SUMIFS('Frais personnel et autres coûts'!$D$6:$D$25,'Frais personnel et autres coûts'!$B$6:$B$25,'Synthèse des dépenses'!$A24) -> 0 | C24: =SUMIFS('Frais personnel et autres coûts'!$E$6:$E$25,'Frais personnel et autres coûts'!$B$6:$B$25,'Synthèse des dépenses'!$A24) -> 0 | D24: =C24*0.35 -> 0 | E24: =SUM(C24:D24) -> 0
... A33: =IF(ISBLANK(Présentation!A44),"",Présentation!A44) -> Partenaire 20 | B33: =SUMIFS('Frais personnel et autres coûts'!$D$6:$D$25,'Frais personnel et autres coûts'!$B$6:$B$25,'Synthèse des dépenses'!$A33) -> 0 | C33: =SUMIFS('Frais personnel et autres coûts'!$E$6:$E$25,'Frais personnel et autres coûts'!$B$6:$B$25,'Synthèse des dépenses'!$A33) -> 0 | D33: =C33*0.35 -> 0 | E33: =SUM(C33:D33) -> 0
A34: Total | C34: =SUM(C13:C33) -> 0 | D34: =SUM(D13:D33) -> 0 | E34: =SUM(E13:E33) -> 0
